 Dungeon Crawl Stone Soup version 0.30-a0-883-g5ad918d77d (webtiles) character file.

Game seed: 2174994928101073357

33 FexLirch the Ruffian (level 3, 0/31 HPs)
             Began as a Ghoul Monk on Mar 17, 2023.
             Killed from afar by Terence (12 damage)
             ... with a puff of flame
             ... on level 2 of the Dungeon.
             The game lasted 00:02:25 (1013 turns).

FexLirch the Ruffian (Ghoul Monk)                   Turns: 1013, Time: 00:02:25

Health: 0/31       AC:  2    Str: 16    XL:     3   Next: 29%
Magic:  2/2        EV: 12    Int:  5    God:
Gold:   50         SH:  0    Dex: 11    Spells: 2/2 levels left

rFire   . . .      SeeInvis .      - Unarmed
rCold   + . .      Faith    .    (no shield)
rNeg    + + +      Spirit   .    a - +0 robe
rPois   ∞          Reflect  .    (no helmet)
rElec   .          Rampage  .    (no cloak)
rCorr   .                        (no gloves)
Will    .....                    (no boots)
Stlth   +                        (no amulet)
HPRegen 0.00/turn                (no ring)
MPRegen 0.08/turn                (no ring)

@: confused, ambrosia-drunk, inhibited regen
A: claws 1, cold resistance 1, negative energy resistance 3, inhibited
regeneration, torment resistance 2, devour on kill
a: no special abilities


You were on level 2 of the Dungeon.
You visited 1 branch of the dungeon, and saw 2 of its levels.

You collected 50 gold pieces.

Inventory:

Missiles
 d - 25 stones (quivered)
Armour
 a - a +0 robe (worn)
Scrolls
 c - 2 scrolls of fear {unknown}
 e - a scroll of teleportation {unknown}


   Skills:
 - Level 3.2 Fighting
 - Level 2.6 Dodging
 - Level 2.1 Stealth
 + Level 4.7 Unarmed Combat


You had 2 spell levels left.
You didn't know any spells.
Your spell library was empty.

Dungeon Overview and Level Annotations

Branches:
Dungeon (2/15)

Altars:
Ru

Annotations:
D:2 Natasha, Terence


Innate Abilities, Weirdness & Mutations

You are immune to poison.
You have sharp fingernails.
Your flesh is cold resistant. (rC+)
You are immune to negative energy. (rN+++)
You do not regenerate when monsters are visible.
You are immune to unholy pain and torment.
You thrive by killing the living.


Message History

A hobgoblin is nearby!
You claw the hobgoblin!
You kill the hobgoblin!
HP restored.
Things that are here:
a +0 dagger; a goblin corpse Terence shouts!
Terence zaps a wand.
The puff of flame hits you!
Terence is nearby!
Terence is nearby!
You scratch Terence but do no damage.
Terence zaps a wand.
The puff of flame hits you!
You are too injured to fight recklessly!
You are too injured to fight recklessly!
You scratch Terence.
Terence is moderately wounded.
You scratch Terence.
Terence is severely wounded.
Terence zaps a wand.
The puff of flame hits you.
* * * LOW HITPOINT WARNING * * *
You scratch Terence but do no damage.
Terence is severely wounded.
Terence barely misses you.
You barely miss Terence.
Terence is severely wounded.
Terence shouts, "DIE!!!"
Terence zaps a wand.
The puff of flame hits you!
* * * LOW HITPOINT WARNING * * *
You scratch Terence.
Terence is severely wounded.
Terence barely misses you.
Okay, then.
Unknown command.
You are confused.
You feel invigorated. Terence barely misses you.
You miss Terence. Your claw misses Terence.
Terence is severely wounded.
Terence barely misses you.
Terence zaps a wand.
The puff of flame hits you!
You die...

.... #.........
#.........# #.........#
#.........###
#...........#
#.........#.### ###
#.........#...#####
....####.@.......###@....#
.......#...@.....# #####.#
#...#####.#### #@#
##.....##.##########.#
#####.............<..
#.....#########.#
#####...#######..
##.......#### ###.###...#


You could see Terence.

Vanquished Creatures
  An adder (D:2)
  A dart slug (D:1)
  2 endoplasms
  2 goblins
  4 hobgoblins
  2 kobolds (D:1)
  A quokka (D:1)
  4 ball pythons
  2 bats (D:2)
  A frilled lizard (D:1)
  A rat (D:1)
21 creatures vanquished.

Notes
Turn   | Place    | Note
-------+----------+-------------------------------------------
     0 | D:1      | FexLirch the Ghoul Monk began the quest for the Orb.
     0 | D:1      | Reached XP level 1. HP: 19/19 MP: 0/0
   163 | D:1      | Reached XP level 2. HP: 26/26 MP: 1/1
   256 | D:1      | Reached skill level 4 in Unarmed Combat
   645 | D:2      | Noticed Natasha
   759 | D:2      | Noticed Terence
   838 | D:2      | Found a sacrificial altar of Ru.
   860 | D:2      | Reached XP level 3. HP: 17/31 MP: 2/2
  1013 | D:2      | Killed from afar by Terence

Illustrated notes

Levels and vault maps discovered:
D:1:      nzn_arrival_settlement, layout_basic
D:2:      layout_rooms, basic_altar, serial_shops, shop, uniq_natasha,
          uniq_terence

Skill      XL: |  1  2 |
---------------+-------+-----
Unarmed Combat | 4 |  4.7
Fighting       | |  3.2
Dodging        | |  2.6
Stealth        | |  2.1

Action                     || total
---------------------------++-------
  Melee: Unarmed           ||    73
         Punch             ||     2
    Use: Potion            ||     1
   Stab: Sleeping          ||     3
 Armour: Robe              ||     9
  Dodge: Dodged            ||    50

Table legend: (Time is in decaauts)
 A = Elapsed time spent in this place.
 B = Non-inter-level travel time spent in this place.
 C = Inter-level travel time spent in this place.
 D = Time resting spent in this place.
 E = Time spent auto-exploring this place.
 F = Levels seen in this place.
 G = Mean time per level.
                   A        B        C        D        E       F      G
               +--------+--------+--------+--------+--------+-----+--------+
         Total |   1009 |    901 |    108 |     95 |    584 |   2 |  504.5 |
       Dungeon |   1009 |    901 |    108 |     95 |    584 |   2 |  504.5 |
               +--------+--------+--------+--------+--------+-----+--------+

Top non-repeatable levels by time:
     D:1: 722 daAuts
     D:2: 287 daAuts
